 Dungeon Crawl Stone Soup version 0.28.0-45-g0d030f2227 (webtiles) character file.

Game seed: 6183436300979683062

283 zeratav the Insei (level 6, -5/41 HPs)
             Began as an Octopode Transmuter on Apr 8, 2022.
             Killed from afar by Blork the orc (14 damage)
             ... with a puff of flame
             ... on level 4 of the Dungeon.
             The game lasted 00:06:08 (4304 turns).

zeratav the Insei (Octopode Transmuter)             Turns: 4304, Time: 00:06:09

Health: -5/41      AC:  1    Str:  9    XL:     6   Next: 28%
Magic:  8/9        EV: 14    Int: 16    God:
Gold:   156        SH:  0    Dex: 14    Spells: 8/9 levels left

rFire   . . .      SeeInvis .     - Unarmed
rCold   . . .      Faith    .   (no shield)
rNeg    . . .      Spirit   .   (helmet currently unavailable)
rPois   .          Reflect  .   (no amulet)
rElec   .          Harm     .   (no ring)
rCorr   .          Rampage  .   (no ring)
Will    .....                   (no ring)
Stlth   +++.......              (no ring)
HPRegen 0.13/turn               (no ring)
MPRegen 0.11/turn               (no ring)
                                (no ring)
                                (no ring)

@: lethally poisoned (-5 -> -18), appendages (expiring)
A: tentacle spike 3, almost no armour, amphibious, 8 rings, camouflage 1,
gelatinous body 1, (nimble swimmer 1), tentacles
a: End Transformation


You were on level 4 of the Dungeon.
One of your tentacles had grown a beastly spike.
You visited 1 branch of the dungeon, and saw 5 of its levels.

You collected 156 gold pieces.


Innate Abilities, Weirdness & Mutations

One of your tentacles has grown a beastly spike.
You cannot wear most types of armour.
You are amphibious.
You can wear up to eight rings at the same time.
Your skin changes colour to match your surroundings (Stealth+).
Your rubbery body absorbs attacks. (AC +1, EV +1)
((You are camouflaged when in or above water. (Stealth+)))
You have tentacles for arms and can constrict up to eight enemies at once.


   Skills:
 + Level 2.4 Fighting
 + Level 3.1 Dodging
 + Level 3.2 Stealth
 * Level 4.6 Unarmed Combat
 - Level 2.0 Spellcasting
 + Level 3.0 Transmutations


You had 8 spell levels left.
You knew the following spells:

 Your Spells              Type           Power      Damage    Failure   Level
a - Beastly Appendage     Tmut           22%        N/A       6%          1

Your spell library contained the following spells:

 Spells                   Type           Power      Damage    Failure   Level
 Wereblood                Tmut           11%        N/A       9%          2
 Spider Form              Tmut/Pois      6%         N/A       32%         3
 Ice Form                 Ice/Tmut       6%         N/A       73%         4

Inventory:

Armour
 g - a +2 tower shield
   (You found it on level 2 of the Dungeon)
Wands
 l - a wand of flame (23)
   (You found it on level 4 of the Dungeon)
Scrolls
 a - a scroll of immolation {unknown}
 b - 4 scrolls of enchant weapon {unknown}
 c - 2 scrolls of vulnerability {unknown}
 e - 2 scrolls of magic mapping {unknown}
 f - 4 scrolls of identify {unknown}
 j - a scroll of torment {unknown}
Potions
 d - 3 potions of curing {unknown}
 h - a potion of mutation {unknown}
 i - a potion of haste {unknown}
 k - 2 potions of flight {unknown}

Dungeon Overview and Level Annotations

Branches:
Dungeon (5/15)
 Temple: D:4-7

Altars:

Annotations:
D:4 Blork the orc

#.# ##.##.# #.####
#..#.#
##....####..#.#
#.......###.#.#
##.......# #...#
...........###...#
####.........#...#
#########.#.o.#
#.#.#@# #.#'###
#....# #....######
#.........#
##........#
#######.).......#
#.......#########
.######.#


You could see Blork the orc.


Message History

MASSIVE DAMAGE!! (PAUSE)
You completely miss the ogre.
You pierce the ogre.
You kill the ogre!
Your Dodging skill increases to level 3!
Your Stealth skill increases to level 3!
Your Transmutations skill increases to level 3!
You have reached level 6!
HP[+1] MP[+1]
You now have 41 max hp (+7).
Your mp is fully restored (9).
The giant cockroach barely misses you.
Your tentacle spike disappears.
HP[+1]
The giant cockroach bites you.
* * * LOW HITPOINT WARNING * * *
Blork the orc looks satisfied for a moment.
HP[-1]
You take 1 damage, and now have 2/41 hp.
Blork the orc casts a cantrip, but nothing happens.
The giant cockroach bites you.
* * * LOW HITPOINT WARNING * * *
The giant cockroach misses you.
Blork the orc is no longer moving quickly.
The giant cockroach barely misses you.
HP[+1]
The giant cockroach barely misses you.
There is an open door here.
HP[+1] Blork the orc gestures wildly while chanting.
Blork the orc seems to speed up.
The giant cockroach misses you.
There is a stone staircase leading down here.
The giant cockroach bites you.
* * * LOW HITPOINT WARNING * * *
You climb downwards.
There is a stone staircase leading up here.
HP[-1]
You take 1 damage, and now have 3/41 hp.
You tentacle-slap the giant cockroach. You grab the giant cockroach.
You constrict the giant cockroach, but do no damage.
The giant cockroach misses you.
You barely miss the giant cockroach. You squeeze the giant cockroach.
You constrict the giant cockroach.
You kill the giant cockroach!
You start resting.
HP[+38]
Your hp is fully restored (41).
Casting: Beastly Appendage (safe; 6% risk of failure)
Confirm with . or Enter, or press ? or * to list all spells.
One of your tentacles grows a vicious spike.
MP[-1]
You lost 1 mp, and now have 8/9 mp.
You climb upwards.
Level annotation: Blork the orc Blork the orc closely misses you.
Blork the orc hits you with a +1 halberd of venom!
You are poisoned.
There is a stone staircase leading down here.
HP[-9]
You take 9 damage, and now have 32/41 hp.
MASSIVE DAMAGE!! (PAUSE)
You tentacle-slap Blork the orc. You grab Blork the orc.
You pierce Blork the orc, but do no damage.
You constrict Blork the orc, but do no damage.
You feel very sick. Blork the orc barely misses you.
HP[-3]
You take 3 damage, and now have 29/41 hp.
You tentacle-slap Blork the orc.
You squeeze Blork the orc, but do no damage.
You constrict Blork the orc, but do no damage.
You feel sick.
Blork the orc hits you with a +1 halberd of venom!
You are lethally poisoned!
HP[-8]
You take 8 damage, and now have 21/41 hp.
You tentacle-slap Blork the orc but do no damage.
You pierce Blork the orc.
You squeeze Blork the orc.
You constrict Blork the orc, but do no damage.
* * * LOW HITPOINT WARNING * * *
You feel very sick.
Blork the orc frowns.
Blork the orc closely misses you.
HP[-6]
You take 6 damage, and now have 15/41 hp.
You tentacle-slap Blork the orc.
You pierce Blork the orc.
Your transformation is almost over.
You constrict Blork the orc.
* * * LOW HITPOINT WARNING * * *
You feel very sick.
Blork the orc screams, "I'll rip your head off!"
Blork the orc closely misses you.
HP[-4]
You take 4 damage, and now have 11/41 hp.
You tentacle-slap Blork the orc but do no damage.
You constrict Blork the orc.
* * * LOW HITPOINT WARNING * * *
You feel very sick.
Blork the orc gestures at you while chanting.
The puff of flame hits you!
You die...

Skill      XL: |  1  2  3  4  5 |
---------------+----------------+-----
Stealth        | 1 2 3 |  3.2
Unarmed Combat | 4 |  4.6
Fighting       | 2 |  2.4
Dodging        | 3 |  3.1
Transmutations | 3 |  3.0
Spellcasting   | |  2.0

Action                   |  1- 3 |  4- 6 || total
-------------------------+-------+-------++-------
Melee: Unarmed           |    88 |    88 ||   176
       Kick              |    27 |    19 ||    46
       Constrict         |    20 |    21 ||    41
       Punch             |     3 |     2 ||     5
       Tentacles         |    17 |    22 ||    39
 Cast: Beastly Appendage |    32 |    20 ||    52
 Stab: Sleeping          |    18 |     8 ||    26
Armor: Skin              |     4 |    10 ||    14
Dodge: Dodged            |    46 |    48 ||    94

Levels and vault maps discovered:
D:1:      mrwooster_arrival_arrow, layout_loops_corners,
          hangedman_abyss_or_decor_stabs
D:2:      layout_loops_ring
D:3:      layout_basic, chequers_ecumenical_altar_island, serial_undead,
          serial_undead_c, serial_undead_e, serial_undead_e, serial_undead_f,
          serial_undead_a, serial_undead_a, serial_undead_e
D:4:      wad_crossroads, layout_basic, uniq_natasha, uniq_blork_the_orc
D:5:      layout_loops_corners, minmay_temple_entry_antechambers, sigmund_army

Notes
Turn   | Place    | Note
-------+----------+-------------------------------------------
     0 | D:1      | zeratav the Octopode Transmuter began the quest for the
                  | Orb.
     0 | D:1      | Reached XP level 1. HP: 13/13 MP: 3/3
     0 | D:1      | magus.rc [v1.9.6]
   257 | D:1      | Reached skill level 1 in Stealth
   257 | D:1      | Reached XP level 2. HP: 18/18 MP: 3/5
   538 | D:1      | You fall into a shaft and drop 1 floor!
   735 | D:2      | Reached XP level 3. HP: 23/23 MP: 4/6
  2113 | D:2      | Reached XP level 4. HP: 29/29 MP: 4/7
  2120 | D:2      | Reached skill level 2 in Stealth
  2691 | D:3      | Reached skill level 4 in Unarmed Combat
  2699 | D:3      | Reached skill level 2 in Fighting
  2796 | D:3      | Reached XP level 5. HP: 31/34 MP: 8/8
  3253 | D:3      | Found a faded altar of an unknown god.
  3964 | D:4      | Noticed an ogre
  3964 | D:4      | Noticed Blork the orc
  3975 | D:4      | HP: 1/34 [ogre/+0 giant spiked club (16)]
  3976 | D:4      | Killed an ogre
  3977 | D:4      | Reached skill level 3 in Dodging
  3977 | D:4      | Reached skill level 3 in Stealth
  3977 | D:4      | Reached skill level 3 in Transmutations
  3977 | D:4      | Reached XP level 6. HP: 2/41 MP: 9/9
  3984 | D:4      | HP: 2/41 [giant cockroach (1)]
  4008 | D:4      | HP: 3/41 [giant cockroach (1)]
  4009 | D:5      | Entered Level 5 of the Dungeon
  4304 | D:4      | HP: 9/41 [poisoned by Blork the orc]
  4304 | D:4      | Killed from afar by Blork the orc

Vanquished Creatures
  An ogre (D:4)
  A scorpion zombie (D:3)
  2 hound skeletons (D:3)
  A howler monkey skeleton (D:3)
  5 adders
  An adder skeleton (D:4)
  2 worms
  4 orcs
  10 endoplasms
  A giant cockroach (D:5)
  6 goblins
  3 hobgoblins
  7 jackals
  9 kobolds
  3 quokkas (D:1)
  10 ball pythons
  A ball python skeleton (D:3)
  6 bats
  5 frilled lizards
  5 rats
83 creatures vanquished.

Table legend:
 A = Non-vault XP
 B = Vault XP
 C = Vault XP percentage of total XP
 D = Non-vault monster count
 E = Vault monster count
 F = Vault count percentage of total count
                 A         B        C        D         E       F
            +---------+---------+-------+---------+---------+-------
      Total |     313 |      92 |  22.7 |      77 |       6 |   7.2
            +---------+---------+-------+---------+---------+-------
        D:1 |      48 |       0 |   0.0 |      30 |       0 |   0.0
        D:2 |      62 |       0 |   0.0 |      22 |       0 |   0.0
        D:3 |      52 |      90 |  63.4 |      17 |       5 |  22.7
        D:4 |     149 |       2 |   1.3 |       7 |       1 |  12.5
        D:5 |       2 |       0 |   0.0 |       1 |       0 |   0.0
            +---------+---------+-------+---------+---------+-------

Illustrated notes

Table legend:
 A = Kills in this place as a percentage of kills in entire the game.
 B = Kills by you in this place as a percentage of kills by you in the entire game.
 C = Kills by friends in this place as a percentage of kills by friends in the entire game.
 D = Other kills in this place as a percentage of other kills in the entire game.
 E = Experience gained in this place as a percentage of experience gained in the entire game.
 F = Experience gained in this place divided by the number of levels of this place that you have seen.
                   A       B       C       D       E      F
               +-------+-------+-------+-------+-------+----------------------
         Total | 100.0 | 100.0 |   N/A |   N/A | 100.0 |  81.0
       Dungeon | 100.0 | 100.0 |   N/A |   N/A | 100.0 |  81.0
               +-------+-------+-------+-------+-------+----------------------

Table legend: (Time is in decaauts)
 A = Elapsed time spent in this place.
 B = Non-inter-level travel time spent in this place.
 C = Inter-level travel time spent in this place.
 D = Time resting spent in this place.
 E = Time spent auto-exploring this place.
 F = Levels seen in this place.
 G = Mean time per level.
                   A        B        C        D        E       F      G
               +--------+--------+--------+--------+--------+-----+--------+
         Total |   4292 |   4200 |     92 |    483 |   3097 |   5 |  858.4 |
       Dungeon |   4292 |   4200 |     92 |    483 |   3097 |   5 |  858.4 |
               +--------+--------+--------+--------+--------+-----+--------+

Top non-repeatable levels by time:
     D:1: 1496 daAuts
     D:3: 1182 daAuts
     D:2: 912 daAuts
     D:4: 411 daAuts
     D:5: 289 daAuts
